 Dungeon Crawl Stone Soup version 0.31-a0-881-ge136f0c47a (webtiles) character file.

Game seed: 15399639505121763386

5782 gruber the Destroyer (level 10, 0/50 HPs)
             Began as a Deep Elf Conjurer on Oct 14, 2023.
             Was a Believer of Vehumet.
             Slain by a sixfirhy (11 damage)
             ... summoned by a kobold demonologist
             ... on level 9 of the Dungeon on Oct 15, 2023.
             The game lasted 00:12:45 (10025 turns).

gruber the Destroyer (Deep Elf Conjurer)           Turns: 10025, Time: 00:12:46

Health: 0/50       AC: 11    Str:  4    XL:     10   Next: 50%
Magic:  12/24      EV: 16    Int: 32    God:    Vehumet [**....]
Gold:   109        SH:  0    Dex: 13    Spells: 18/25 levels left

rFire   . . .        S - +1 rapier "Curezo" {freeze, rPois rN+ Int+4 Stlth+}
rCold   . . .        (no shield)
rNeg    + . .        a - +0 robe
rPois   +            l - +2 hat
rElec   .            f - +0 cloak
rCorr   .            z - +0 pair of gloves
SInv    .            n - +0 pair of boots
Will    +....        (no amulet)
Stlth   +++          u - +4 ring of protection
HPRegen 0.28/turn    j - ring of wizardry
MPRegen 0.19/turn

%: wizardry (x1)
@: no status effects
A: no striking features
a: Renounce Religion


You were on level 9 of the Dungeon.
You worshipped Vehumet.
Vehumet was pleased with you.
You visited 2 branches of the dungeon, and saw 10 of its levels.
You also visited: Ossuary.

You collected 574 gold pieces.
You spent 465 gold pieces at shops.

Inventory:

Hand Weapons
 S - the +1 rapier "Curezo" (weapon) {freeze, rPois rN+ Int+4 Stlth+}
   (You bought it in a shop on level 8 of the Dungeon)

   Int+4:     It affects your intelligence (+4).
   rPois:     It protects you from poison rN+: It protects you from negative
   energy.
   Stlth+:    It makes you more stealthy.
Armour
 a - a +0 robe (worn)
 f - a +0 cloak (worn)
 l - a +2 hat (worn)
 n - a +0 pair of boots (worn)
 z - a +0 pair of gloves (worn)
Magical Staves
 d - a staff of earth
Jewellery
 j - a ring of wizardry (right hand)
 p - a +6 ring of dexterity
 u - a +4 ring of protection (left hand)
 Q - a ring of positive energy
Wands
 o - a wand of polymorph (7)
 I - a wand of light (15)
 P - a wand of flame (15)
 R - a wand of paralysis (13)
Scrolls
 c - 3 scrolls of revelation {unknown}
 g - 7 scrolls of teleportation {unknown}
 i - 2 scrolls of enchant armour {unknown}
 k - a scroll of blinking {unknown}
 s - a scroll of immolation {unknown}
 v - 3 scrolls of vulnerability {unknown}
 w - a scroll of silence {unknown}
 y - 8 scrolls of identify {unknown}
 A - 2 scrolls of amnesia {unknown}
 B - a scroll of summoning {unknown}
 C - a scroll of fog {unknown}
 F - a scroll of enchant weapon {unknown}
 H - 3 scrolls of fear {unknown}
 L - a scroll of noise {unknown}
 M - a scroll of brand weapon {unknown}
 N - a scroll of torment {unknown}
 O - a scroll of poison {unknown}
Potions
 b - 3 potions of magic
 e - a potion of heal wounds
 h - a potion of berserk rage {unknown}
 m - a potion of resistance {unknown}
 q - 2 potions of ambrosia {unknown}
 r - 6 potions of curing {unknown}
 t - 3 potions of enlightenment {unknown}
 x - a potion of haste {unknown}
 D - 4 potions of brilliance {unknown}
 E - a potion of invisibility {unknown}
 G - a potion of mutation {unknown}
 J - 3 potions of lignification {unknown}
 K - a potion of might {unknown}


   Skills:
 * Level 9.8 Dodging
 - Level 2.4 Stealth
 - Level 8.4 Spellcasting
 - Level 14.0 Conjurations


You had 18 spell levels left.
You knew the following spells:

 Your Spells              Type           Power      Damage    Failure   Level
a - Magic Dart            Conj           100%       1d8       0%          1
b - Searing Ray           Conj           100%       2d8       0%          2
c - Iskenderun's Mystic   Conj/Tloc      55%        2d12      1%          4

Your spell library contained the following spells:

 Spells                   Type           Power      Damage    Failure   Level
 Foxfire                  Conj/Fire      100%       2x1d9     1%          1
 Apportation              Tloc           26%        N/A       1%          1
 Momentum Strike          Conj/Tloc      100%       3d10      1%          2
 Dazzling Flash           Conj/Hex       100%       N/A       1%          3
 Mephitic Cloud           Conj/Pois/Air  43%        N/A       1%          3
 Fulminant Prism          Conj/Hex       27%        3d14      1%          4
 Blink                    Tloc           26%        N/A       2%          2
 Ensorcelled Hibernation  Hex/Ice        26%        N/A       2%          2
 Jinxbite                 Hex            26%        N/A       2%          2
 Lesser Beckoning         Tloc           26%        N/A       2%          2
 Poisonous Vapours        Pois/Air       26%        N/A       2%          2
 Call Canine Familiar     Summ           13%        N/A       4%          3
 Sigil of Binding         Hex            13%        N/A       4%          3
 Freezing Cloud           Conj/Ice/Air   21%        6-21      6%          5
 Anguish                  Hex/Necr       6%         N/A       14%         4
 Dimensional Bullseye     Hex/Tloc       6%         N/A       14%         4
 Leda's Liquefaction      Hex/Erth       6%         N/A       14%         4
 Alistair's Intoxication  Tmut/Pois      8%         N/A       36%         5


Dungeon Overview and Level Annotations

Branches:
Dungeon (9/15)             Temple (1/1) D:6         Ossuary (visited)
   Lair: D:8-11         Orc: D:9-12

Altars:
Ashenzari
Cheibriados
Dithmenos
Elyvilon
Fedhas
Gozag
Hepliaklqana
Kikubaaqudgha
Makhleb
Okawaru
Qazlal
Ru
Sif Muna
Trog
Uskayaw
Vehumet
Wu Jian
Xom
Yredelemnul
Zin
The Shining One

Shops:
D:8 (


Message History

Unknown command.
Unknown command.
The searing ray hits the sixfirhy.
The sixfirhy is severely wounded.
The searing ray hits the kobold demonologist!
The kobold demonologist is heavily wounded.
The searing ray hits the kobold.
You kill the kobold!
Vehumet accepts your kill.
You feel your power returning.
You finish channelling your searing ray.
The kobold demonologist casts a spell.
Unknown command.
Unknown command.
Casting: Searing Ray (safe; 0% risk of failure)
Confirm with . or Enter, or press ? or * to list all spells.
Aiming: Searing Ray (safe; 0% risk of failure)
Press: ? - help, Shift-Dir - straight line The searing ray hits the sixfirhy.
The sixfirhy is almost dead.
The searing ray hits the kobold demonologist.
The kobold demonologist is severely wounded. (Press . to maintain the ray.)
The kobold demonologist casts a spell.
The kobold demonologist looks encouraged for a moment.
Unknown command.
Unknown command.
The searing ray misses the sixfirhy.
The searing ray hits the kobold demonologist!
The kobold demonologist is almost dead.
The searing ray hits the shadow imp!
You kill the shadow imp!
The shadow imp disappears in a puff of smoke!
The searing ray hits the white imp.
The white imp is heavily wounded.
The sixfirhy hits you! The sixfirhy shocks you!
The sixfirhy closely misses you. The sixfirhy hits you!
* * * LOW HITPOINT WARNING * * *
The sixfirhy shocks you!
You die...

#........# ##.....###. .
##...#....# ##..........
#..#####..#####>.####.........##
.........## ##..##..###....###
...###...# #.....## ##......
##.## ##....### ##....# #..#
###......###...###
##.######5.............#
#....#5K3@.....####....#
#..#...§K##K....## ####.#
#..####5####...#..# #.## #..#
#..# #...##.## #..# #..# ##.#
#..###..## #..## ...# #.# #...
##..####.... ..# #.) #...#
#...##..... .. #oK.....#
##......... ..K.. ##........#


You could see 2 kobold demonologists, a sixfirhy (summoned), 2 crimson imps, a
white imp (summoned) and a kobold.

Vanquished Creatures
  Gastronok (D:8)
  Pikel (D:4)
  A kobold demonologist (D:7)
  2 wyverns (D:8)
  A steam dragon (D:8)
  Menkaure (D:4)
  An acid dragon (D:8)
  A water moccasin (D:7)
  2 ice beasts
  A sky beast (D:6)
  A black bear (D:5)
  3 ogres
  An orc warrior (D:7)
  2 centaurs
  A lemure (D:4)
  4 phantoms
  4 bullfrogs
  2 scorpions
  A gnoll sergeant (D:8)
  8 wights (D:7)
  A killer bee (D:9)
  2 howler monkeys
  3 jellies
  4 hounds
  A gnoll bouda (D:7)
  4 orc priests
  2 iguanas
  Terence (D:3)
  Natasha (thrice) (D:2)
  8 orc wizards
  3 mummies (Ossuary)
  Robin (D:3)
  16 gnolls
  7 adders
  3 white imps (D:6)
  An adder zombie (Ossuary)
  3 worms (D:2)
  4 dart slugs
  21 orcs
  2 bats (D:1)
  7 endoplasms
  5 giant cockroaches
  2 gnoll zombies (Ossuary)
  22 goblins
  5 hobgoblins
  3 jackals (D:4)
  3 quokkas
  9 ball pythons
  2 frilled lizards
  5 goblin zombies (Ossuary)
  A hobgoblin zombie (Ossuary)
  8 kobolds
  3 kobold zombies (Ossuary)
  3 quokka zombies (Ossuary)
  5 rats
  3 rat zombies (Ossuary)
215 creatures vanquished.

Notes
Turn   | Place    | Note
-------+----------+-------------------------------------------
     0 | D:1      | gruber the Deep Elf Conjurer began the quest for the Orb.
     0 | D:1      | Reached XP level 1. HP: 10/10 MP: 6/6
   153 | D:1      | Reached XP level 2. HP: 15/15 MP: 6/8
   294 | D:1      | Reached skill level 5 in Conjurations
   683 | D:2      | Reached XP level 3. HP: 19/19 MP: 2/9
   800 | D:2      | Found a basalt altar of Yredelemnul.
  1121 | D:2      | Found a faded altar of an unknown god.
  1304 | D:2      | Noticed Natasha
  1310 | D:2      | Killed Natasha
  1311 | D:2      | Reached skill level 6 in Conjurations
  1311 | D:2      | Reached XP level 4. HP: 15/24 MP: 5/11
  1314 | D:2      | Learned a level 2 spell: Searing Ray
  1563 | D:2      | Noticed Natasha
  1565 | D:2      | Killed Natasha
  1841 | D:2      | Noticed Natasha
  1844 | D:2      | Killed Natasha
  1845 | D:2      | Reached XP level 5. HP: 28/28 MP: 9/13
  2126 | D:3      | Noticed Terence
  2133 | D:3      | Killed Terence
  2136 | D:3      | Noticed Robin
  2239 | D:3      | Reached skill level 5 in Spellcasting
  2244 | D:3      | Killed Robin
  2261 | D:3      | Noticed an ogre
  2273 | D:3      | Killed an ogre
  2274 | D:3      | Reached skill level 7 in Conjurations
  2274 | D:3      | Reached XP level 6. HP: 32/32 MP: 4/16
  2573 | D:3      | Noticed an angel
  2575 | D:3      | Found a glowing silver altar of Zin.
  3477 | D:4      | Noticed Pikel
  3490 | D:4      | Killed Pikel
  3491 | D:4      | Reached skill level 8 in Conjurations
  3491 | D:4      | Reached XP level 7. HP: 16/36 MP: 8/20
  3719 | D:4      | Found a sand-covered staircase.
  3729 | Ossuary  | Entered an ossuary
  4334 | D:4      | Learned a level 4 spell: Iskenderun's Mystic Blast
  4382 | D:4      | Noticed Menkaure
  4387 | D:4      | Killed Menkaure
  4388 | D:4      | Reached skill level 9 in Conjurations
  4388 | D:4      | Reached XP level 8. HP: 31/41 MP: 17/22
  4572 | D:5      | Entered Level 5 of the Dungeon
  4822 | D:5      | Reached skill level 10 in Conjurations
  5368 | D:5      | Reached skill level 11 in Conjurations
  5804 | D:6      | Found an ancient bone altar of Kikubaaqudgha.
  5804 | D:6      | Found a glowing golden altar of the Shining One.
  5808 | D:6      | Found a blossoming altar of Fedhas.
  5816 | D:6      | Reached XP level 9. HP: 43/45 MP: 11/23
  5921 | D:6      | Found an iron altar of Okawaru.
  6024 | D:6      | Reached skill level 12 in Conjurations
  6290 | D:6      | Found a staircase to the Ecumenical Temple.
  6324 | Temple   | Entered the Ecumenical Temple
  6329 | Temple   | Became a worshipper of Vehumet
  6852 | D:7      | Reached skill level 13 in Conjurations
  7010 | D:7      | Reached * piety under Vehumet
  7010 | D:7      | Offered knowledge of Shock by Vehumet.
  7545 | D:7      | Noticed a kobold demonologist
  7559 | D:7      | Reached skill level 14 in Conjurations
  7658 | D:7      | Killed a kobold demonologist
  7659 | D:7      | Reached skill level 5 in Dodging
  8136 | D:8      | Reached XP level 10. HP: 31/50 MP: 12/24
  8426 | D:8      | Noticed Gastronok
  9174 | D:8      | Found Olal's Weapon Shoppe.
  9177 | D:8      | Bought the +1 rapier "Curezo" {freeze, rPois rN+ Int+4
                  | Stlth+} for 465 gold pieces
  9629 | D:8      | Killed Gastronok
  9733 | D:8      | Upgraded the game from 0.31-a0-879-g1609e0ac53 to
                  | 0.31-a0-881-ge136f0c47a
  9991 | D:9      | Offered knowledge of Foxfire by Vehumet.
 10013 | D:9      | Reached ** piety under Vehumet
 10019 | D:9      | Noticed a sixfirhy
 10025 | D:9      | Slain by a sixfirhy

Illustrated notes

Levels and vault maps discovered:
D:1:      lemuel_arrival_broad_hall, layout_rooms
D:2:      layout_rooms, basic_altar, chequers_ecumenical_altar_simple,
          uniq_natasha
D:3:      layout_basic, zin_angel, minmay_ogre_servants, uniq_terence,
          uniq_robin
D:4:      layout_basic, enter_ossuary_1, uniq_pikel, uniq_menkaure
D:5:      layout_rooms, kennysheep_generic_room_5
D:6:      layout_basic, nicolae_overflow_macrodata_refinement,
          minmay_temple_entry_hall
D:7:      minmay_clustersquares, layout_gridville
D:8:      layout_basic, serial_shops, kennysheep_mini_moat,
          grunt_decor_fettered, hangedman_minor_gate_pass, uniq_gastronok
D:9:      layout_layer_cave
Temple:   minmay_freezing_vapour_temple

Skill      XL: |  1  2  3  4  5  6  7  8  9 10 |
---------------+-------------------------------+-----
Conjurations   | 5 6 7 8 9 11 14 | 14.0
Spellcasting   | 4 5 8 |  8.4
Dodging        | 5 9 |  9.8
Stealth        | |  2.4

Action                     |  1- 3 |  4- 6 |  7- 9 | 10-12 || total
---------------------------+-------+-------+-------+-------++-------
  Melee: Short sword       |       |     8 |       |       ||     8
   Cast: Magic Dart        |    77 |    75 |   115 |    18 ||   285
         Searing Ray       |       |     9 |    61 |    19 ||    89
         Iskenderun's Myst |       |       |    18 |     7 ||    25
  Evoke: Wand              |       |       |       |     2 ||     2
    Use: Potion            |       |     1 |     1 |       ||     2
 Armour: Robe              |     5 |    29 |    36 |    29 ||    99
  Dodge: Dodged            |     3 |    32 |    32 |    25 ||    92

Table legend: (Time is in decaauts)
 A = Elapsed time spent in this place.
 B = Non-inter-level travel time spent in this place.
 C = Inter-level travel time spent in this place.
 D = Time resting spent in this place.
 E = Time spent auto-exploring this place.
 F = Levels seen in this place.
 G = Mean time per level.
                   A        B        C        D        E       F      G
               +--------+--------+--------+--------+--------+-----+--------+
         Total |  10042 |   9644 |    398 |    139 |   8202 |  11 |  912.9 |
       Dungeon |   9432 |   9040 |    392 |    139 |   7702 |   9 | 1048.0 |
        Temple |     10 |      5 |      5 |      0 |      0 |   1 |   10.0 |
       Ossuary |    598 |    598 |      0 |      0 |    500 |   1 |  598.0 |
               +--------+--------+--------+--------+--------+-----+--------+

Top non-repeatable levels by time:
     D:8: 1759 daAuts
     D:7: 1587 daAuts
     D:3: 1355 daAuts
     D:2: 1226 daAuts
     D:5: 1005 daAuts
     D:6: 834 daAuts
     D:4: 721 daAuts
     D:1: 675 daAuts
 Ossuary: 598 daAuts
     D:9: 266 daAuts
  Temple: 10 daAuts
